 Dungeon Crawl Stone Soup version 0.20.1-1-g8b1a95d (webtiles) character file.

125 Knicklaso the Cudgeler (level 5, 0/50 HPs)
             Began as an Ogre Warper on July 26, 2017.
             Slain by Natasha (2 damage)
             ... on level 3 of the Dungeon.
             The game lasted 00:05:48 (2422 turns).

Knicklaso the Cudgeler (Ogre Warper)                Turns: 2422, Time: 00:05:49

Health: 0/50       AC:  4    Str: 19    XL:     5   Next: 9%
Magic:  1/8        EV: 10    Int: 14    God:
Gold:   156        SH:  0    Dex:  8    Spells: 4/8 levels left

rFire    . . .     SeeInvis .   i - +3 whip (holy)
rCold    . . .     Gourm    .   (no shield)
rNeg     . . .     Faith    .   b - +0 robe
rPois    +         Spirit   .   (helmet restricted)
rElec    .         Reflect  .   u - +0 cloak {rPois}
rCorr    .         Harm     .   (gloves unavailable)
MR       .....                  (boots unavailable)
Stlth    +.........             (no amulet)
Regen    0.2/turn               v - -6 ring of slaying (curse)
MPRegen  0.2/turn               p - +3 ring of strength

@: shrouded, very slightly contaminated, slowed, very slow
A: unfitting armour, tough skin 1
a: no special abilities


You were on level 3 of the Dungeon.
You were very hungry.

You visited 1 branch of the dungeon, and saw 3 of its levels.

You collected 156 gold pieces.

Inventory:

Hand Weapons
 a - a +0 mace
 i - a +3 whip of holy wrath (weapon)
 k - a +2 mace of crushing
Missiles
 e - 5 tomahawks of dispersal
 j - 123 stones (quivered)
Armour
 b - a +0 robe (worn)
 u - a +0 cloak of poison resistance (worn)
Jewellery
 l - a +1 ring of protection
 p - a +3 ring of strength (right hand)
 v - a cursed -6 ring of slaying (left hand)
Scrolls
 d - a scroll of blinking
 o - a scroll of teleportation
Potions
 n - a potion of heal wounds {unknown}
 s - 2 potions of curing
 t - a potion of might {unknown}
 A - a potion of resistance {unknown}
Books
 c - a book of Spatial Translocations

   Spells                             Type                      Level
   a - Blink                          Translocation                2
   b - Shroud of Golubria             Charms/Translocation         2
   c - Lesser Beckoning               Translocation                3
   d - Gell's Gravitas                Translocation                3
   e - Teleport Other                 Translocation                3
   f - Passage of Golubria            Translocation                4
Comestibles
 f - a bread ration
 g - a meat ration
 r - 2 royal jellies


   Skills:
 - Level 2.6 Fighting
 + Level 4.6 Maces & Flails
 - Level 1.0 Throwing
 - Level 2.1 Dodging
 - Level 2.4 Spellcasting
 - Level 2.6 Translocations


You had 4 spell levels left.
You knew the following spells:

 Your Spells              Type           Power        Failure   Level  Hunger
a - Shroud of Golubria    Chrm/Tloc      #.........   21%         2    ###....
b - Blink                 Tloc           N/A          12%         2    ###....


Dungeon Overview and Level Annotations

Branches:
Dungeon (3/15)

Altars:
Cheibriados
Dithmenos

Annotations:
D:3 Natasha


Innate Abilities, Weirdness & Mutations

You are too large for most types of armour.
You have tough skin. (AC +1)


Message History

You miscast Shroud of Golubria.
You are very lightly contaminated with residual magic.
Strange energies run through your body.
The shadow imp disappears in a puff of smoke!
Natasha casts a spell at you. The magic dart hits you!
* * * LOW HITPOINT WARNING * * *
Casting: Shroud of Golubria
Confirm with . or Enter, or press ? or * to list all spells.
Space distorts slightly along a thin shroud covering your body.
Natasha claws you.
* * * LOW HITPOINT WARNING * * *
Your shroud falls apart!
The white imp shouts, "Flee, thou artless saucy deadneck!"
Natasha claws you but does no damage.
Casting: Shroud of Golubria
Confirm with . or Enter, or press ? or * to list all spells.
Space distorts slightly along a thin shroud covering your body.
Natasha claws you.
You die...

#. #.....#
#.#####.#####
.....#.# #
..#†#.###
#.###.#.....#
......###.#.#
#.#.........#
#.$.......#.#
....##@##.###
.# #h##...
#5g#.##.#
#.....5g.#.#
#
...........#
##...........
#...........#
#...........#
#.........(.#


You could see Natasha, a crimson imp, a white imp, a hobgoblin and a goblin.

Vanquished Creatures
  Terence (D:2)
  4 adders (D:2)
  A worm (D:2)
  4 dart slugs
  3 leopard geckos
  A ball python (D:2)
  3 giant cockroaches (D:2)
  3 goblins
  5 hobgoblins
  3 jackals (D:2)
  5 kobolds
  9 bats
  7 frilled lizards
  6 rats
55 creatures vanquished.

Notes
Turn   | Place    | Note
-------+----------+-------------------------------------------
     0 | D:1      | Knicklaso the Ogre Warper began the quest for the Orb.
     0 | D:1      | Reached XP level 1. HP: 22/22 MP: 3/3
    30 | D:1      | Reached skill level 2 in Maces & Flails
   107 | D:1      | Reached XP level 2. HP: 29/29 MP: 5/5
   361 | D:1      | Reached skill level 3 in Maces & Flails
   515 | D:1      | Reached XP level 3. HP: 30/36 MP: 6/6
   822 | D:1      | Learned a level 2 spell: Shroud of Golubria
   825 | D:1      | Learned a level 2 spell: Blink
  1058 | D:2      | Reached XP level 4. HP: 37/44 MP: 7/7
  1203 | D:2      | Found a snail-covered altar of Cheibriados.
  1337 | D:2      | Found a shadowy altar of Dithmenos.
  1344 | D:2      | Noticed Terence
  1397 | D:2      | Killed Terence
  1397 | D:2      | Reached skill level 4 in Maces & Flails
  1939 | D:2      | Reached XP level 5. HP: 44/50 MP: 5/8
  2406 | D:3      | Noticed Natasha
  2421 | D:3      | HP: 2/50 [Natasha (4)]
  2422 | D:3      | Slain by Natasha

Skill      XL: |  1  2  3  4 |
---------------+-------------+-----
Maces & Flails | 2 3 4 |  4.6
Fighting       | |  2.6
Throwing       | |  1.0
Dodging        | |  2.1
Spellcasting   | |  2.4
Translocations | |  2.6

Action                   |  1- 3 |  4- 6 || total
-------------------------+-------+-------++-------
Melee: Mace              |    57 |       ||    57
       Whip              |    54 |   168 ||   222
Throw: Stone             |     2 |       ||     2
 Cast: Shroud of Golubri |     1 |    10 ||    11
  Use: Potion            |       |     1 ||     1
       Scroll            |       |     7 ||     7
  Eat: Chunk             |       |     5 ||     5
Armor: Robe              |    52 |    63 ||   115
Dodge: Dodged            |    70 |   108 ||   178
